 Dungeon Crawl Stone Soup version 0.18.1-8-gdd0e5ea (webtiles) character file.

69 Raiden350 the Magician (level 4, 0/36 HPs)
             Began as a Deep Elf Ice Elementalist on May 23, 2016.
             Slain by a goblin (1 damage)
             ... on level 3 of the Dungeon.
             The game lasted 00:16:25 (2191 turns).

Raiden350 the Magician (Deep Elf Ice Elementalist)  Turns: 2191, Time: 00:16:26

Health: 0/36       AC: 22    Str:  7 (8)  XL:     4   Next: 2%
Magic:  11/12      EV:  2    Int: 18 (21) God:
Gold:   166        SH:  0    Dex: 11 (13) Spells: 1 memorised, 11 levels left

rFire  . . .     SeeInvis .     g - +2 dagger (elec)
rCold  . . .     Gourm    .     (armour currently unavailable)
rNeg   + + +     Faith    .     (no shield)
rPois  +         Spirit   .     (helmet currently unavailable)
rElec  .         Dismiss  .     (cloak currently unavailable)
rCorr  .         Reflect  .     (gloves currently unavailable)
SustAt .         Harm     .     (boots currently unavailable)
MR     .....     NoTele   +     (no amulet)
Stlth  +++.......               (no ring)
                                l - +3 ring of strength

@: tree-form, not resistant to hostile enchantments, fairly stealthy
A: (icy blue scales 0), clumsy 1, (cold resistance 0)
a: no special abilities


You were on level 3 of the Dungeon.
You were not hungry.
You were a tree.
You visited 1 branch of the dungeon, and saw 3 of its levels.

You collected 166 gold pieces.

Inventory:

Hand Weapons
 g - a +2 dagger of electrocution (weapon)
Armour
 a - a +0 robe
 e - a +0 robe (melded)
 i - a +0 robe
 n - a +0 pair of boots (melded)
 q - a +1 cloak (melded)
Jewellery
 l - a +3 ring of strength (left branch)
Scrolls
 d - 6 scrolls of identify
 h - a scroll of enchant weapon
 j - a scroll of fog
Potions
 k - a potion of lignification
 o - a potion of might
Books
 b - a book of Frost

   Spells                             Type                      Level
   a - Freeze                         Ice                          1
   b - Throw Frost                    Conjuration/Ice              2
   c - Ozocubu's Armour               Charms/Ice                   3
   d - Throw Icicle                   Conjuration/Ice              4
   e - Summon Ice Beast               Ice/Summoning                4
Comestibles
 c - 2 bread rations
 f - a beef jerky
 m - a chunk of flesh
 p - a meat ration
 t - a royal jelly


   Skills:
 - Level 3.0 Dodging
 - Level 2.5 Stealth
 + Level 4.6 Spellcasting
   Level 1.1 Conjurations
 - Level 4.1 Ice Magic


You had 11 spell levels left.
You knew the following spells:

 Your Spells              Type           Power        Failure   Level  Hunger
a - Freeze                Ice            ###.         2%          1    None


Dungeon Overview and Level Annotations

Branches:
Dungeon (3/15)

Altars:
Makhleb
Okawaru

Annotations:
D:3 shklvsk's ghost, amateur GrCK


Innate Abilities, Weirdness & Mutations

((You are partially covered in icy blue scales (AC +1).))
You are clumsy. (Dex -2)
((Your flesh is cold resistant.))


Message History

A gnoll comes into view. It is wielding a flail.
This spell is very dangerous to cast!
Memorise Summon Ice Beast, consuming 4 spell levels and leaving 7?
You start memorising the spell.
You continue memorising.
The goblin hits you.
Your memorisation is interrupted.
The orc priest invokes the aid of Beogh against you.
Beogh smites you!
Ouch! That really hurt!
Casting: Freeze
Confirm with . or Enter, or press ? or * to list all spells.
You don't know that spell.
The orc priest calls down the wrath of Beogh upon you.
Pain shoots through your body!
* * * LOW HITPOINT WARNING * * *
Drink which item? (? for menu, Esc to quit)
You turn into a tree.
Your +1 cloak melds into your body.
Your +0 pair of boots melds into your body.
Your +0 robe melds into your body.
Your roots penetrate the ground.
The goblin hits you.
You die...

.............###...#+#####
.........................#
.......o.................#
.......#####.............#
.......# #.o...........#
.......# #.............#
o......# #.........g...#
.......# #....g......[.###
.......# #....♣..........#
.......# #########'#[....#
#.#.....# #.#.....#
####### #.####### #.....#
#.## #.###.##########..#
#.# #............>#
#.#################


You could see an orc priest, a gnoll (wandering) and a goblin.

Vanquished Creatures
  3 adders (D:2)
  2 worms (D:2)
  A giant gecko (D:2)
  2 giant cockroaches (D:1)
  3 hobgoblins
  3 jackals (D:2)
  2 ball pythons (D:2)
  A bat (D:2)
  4 giant newts
  5 goblins
  7 kobolds
  7 rats
40 creatures vanquished.

Notes
Turn   | Place    | Note
--------------------------------------------------------------
     0 | D:1      | Raiden350 the Deep Elf Ice Elementalist began the quest for the Orb.
     0 | D:1      | Reached XP level 1. HP: 10/10 MP: 6/6
   611 | D:1      | Reached XP level 2. HP: 15/15 MP: 5/8
  1027 | D:2      | Reached XP level 3. HP: 14/19 MP: 6/10
  1154 | D:2      | Gained mutation: Your flesh is cold resistant. [potion of mutation]
  1154 | D:2      | Gained mutation: You are clumsy. (Dex -2) [potion of mutation]
  1154 | D:2      | Gained mutation: You are partially covered in icy blue scales (AC +1). [potion of mutation]
  1291 | D:2      | Found a burning altar of Makhleb.
  1525 | D:2      | Found an iron altar of Okawaru.
  1934 | D:3      | Noticed shklvsk's ghost (amateur GrCK)
  2157 | D:3      | Reached XP level 4. HP: 24/24 MP: 8/12
  2190 | D:3      | HP: 1/24 [orc priest/nerve-wracking pain (7)]
  2191 | D:3      | Slain by a goblin

Skill      XL: |  1  2  3 |
---------------+----------+-----
Spellcasting   | 4 |  4.6
Dodging        | 3 |  3.0
Ice Magic      | 4 |  4.1
Stealth        | |  2.5
Conjurations   | |  1.1

Action                   |  1- 3 |  4- 6 || total
-------------------------+-------+-------++-------
Melee: Unarmed           |     6 |       ||     6
       Dagger            |     6 |     2 ||     8
 Cast: Freeze            |    70 |     2 ||    72
  Use: Scroll            |     6 |       ||     6
       Potion            |     7 |     1 ||     8
  Eat: Chunk             |     2 |       ||     2
       Beef jerky        |     1 |       ||     1
Armor: Robe              |    17 |       ||    17
Dodge: Dodged            |    41 |     1 ||    42
